 Dungeon Crawl Stone Soup version 0.31-a0-507-gbafd7f5274 (webtiles) character file.

Game seed: 2086704120053739916

73 pokeman the Magician (level 4, -5/25 HPs)
             Began as a Deep Elf Hedge Wizard on Aug 10, 2023.
             Slain by a kobold brigand
             ... wielding a +0 whip
              (8 damage)
             ... in a sewer.
             The game lasted 00:03:48 (2186 turns).

pokeman the Magician (Deep Elf Hedge Wizard)        Turns: 2186, Time: 00:03:49

Health: -5/25      AC:  2    Str:  7    XL:     4   Next: 8%
Magic:  0/13       EV: 12    Int: 21    God:
Gold:   90         SH:  0    Dex: 14    Spells: 6/14 levels left

rFire   . . .        k - +0 rapier (drain)
rCold   . . .        (no shield)
rNeg    . . .        b - +0 robe
rPois   .            c - +0 hat
rElec   .            (no cloak)
rCorr   .            (no gloves)
SInv    .            (no boots)
Will    .....        (no amulet)
Stlth   +            (no ring)
HPRegen 0.24/turn    (no ring)
MPRegen 0.13/turn

%: no passive effects
@: invisible, very slow
A: no striking features
a: no special abilities


You were in a sewer.
You visited 1 branch of the dungeon, and saw 3 of its levels.
You also visited: Sewer.

You collected 90 gold pieces.

Inventory:

Hand Weapons
 k - a +0 rapier of draining (weapon)
Armour
 b - a +0 robe (worn)
 c - a +0 hat (worn)
Magical Staves
 i - a staff of poison
Scrolls
 e - 2 scrolls of vulnerability {unknown}
 f - a scroll of silence {unknown}
 g - 5 scrolls of identify {unknown}
 j - a scroll of immolation {unknown}
 l - a scroll of fear {unknown}
Potions
 d - a potion of magic


   Skills:
 - Level 1.0 Fighting
 - Level 1.0 Armour
 + Level 2.5 Dodging
 + Level 2.6 Stealth
 * Level 5.5 Spellcasting
 + Level 2.1 Conjurations
 - Level 1.1 Summonings
 - Level 1.1 Translocations


You had 6 spell levels left.
You knew the following spells:

 Your Spells              Type           Power      Damage    Failure   Level
a - Magic Dart            Conj           56%        1d5       4%          1
b - Mephitic Cloud        Conj/Pois/Air  8%         N/A       22%         3
c - Call Imp              Summ           20%        N/A       10%         2
d - Blink                 Tloc           20%        N/A       10%         2

Your spell library contained the following spells:

 Spells                   Type           Power      Damage    Failure   Level
 Slow                     Hex            20%        N/A       11%         1
 Cigotuvi's Dreadful Rot  Necr/Pois/Air  10%        N/A       16%         2


Dungeon Overview and Level Annotations

Branches:
Dungeon (2/15)              Sewer (1/1)

Altars:

Shops:
D:1 *


Message History

Your cerulean imp disappears in a puff of smoke!
It was a potion of invisibility.
You fade into invisibility!
* * * LOW HITPOINT WARNING * * *
You feel sick.
The kobold brigand throws a poisoned dart.
The poisoned dart hits you!
You are more poisoned.
It was a potion of curing.
You feel better.
The kobold brigand throws a poisoned dart.
The poisoned dart closely misses you.
You hit the kobold brigand but do no damage.
The kobold brigand is lightly wounded.
The kobold brigand splashes around in the water.
You miss the kobold brigand.
The kobold brigand is lightly wounded.
You enter the shallow water.
Moving in this stuff is going to be slow. ...and don't expect to remain undetected.
The kobold brigand shouts!
You closely miss the kobold brigand.
The kobold brigand is lightly wounded.
The kobold brigand hits you with a +0 whip.
Your unstable footing causes you to fumble your attack.
The kobold brigand hits you with a +0 whip!
The kobold brigand hits you with a +0 whip.
* * * LOW HITPOINT WARNING * * *
You hit the kobold brigand. You drain the kobold brigand.
The kobold brigand is moderately wounded.
The kobold brigand closely misses you.
Casting: Call Imp (safe; 10% risk of failure)
Confirm with . or Enter, or press ? or * to list all spells.
A tiny devil pulls itself out of the air.
The kobold brigand hits you with a +0 whip.
* * * LOW HITPOINT WARNING * * *
Unknown command.
You barely miss the kobold brigand.
The kobold brigand is moderately wounded.
The kobold brigand hits you with a +0 whip!
You die...

#####
#.#.#
#@#~#
#K#~#
~#
#5#~#
~~
#~~~#
#~
##~##
#~ #~#
#~###~#
#~K.~~#
##~~~##


You could see a kobold brigand (drained, ally target) and a friendly cerulean
imp (summoned).

Vanquished Creatures
  3 adders (Sewer)
  A worm (Sewer)
  6 ball pythons
  4 endoplasms
  4 giant cockroaches
  2 goblins (D:1)
  2 hobgoblins (D:1)
  3 quokkas
  2 bats (D:1)
  2 frilled lizards (D:1)
  8 kobolds
  3 rats
40 creatures vanquished.

Vanquished Creatures (others)
  A river rat (Sewer)
1 creature vanquished.

Grand Total: 41 creatures vanquished

Notes
Turn   | Place    | Note
-------+----------+-------------------------------------------
     0 | D:1      | pokeman the Deep Elf Hedge Wizard began the quest for the
                  | Orb.
     0 | D:1      | Reached XP level 1. HP: 10/10 MP: 7/7
   211 | D:1      | Found Atujuoco's Assorted Antiques.
   456 | D:1      | Reached XP level 2. HP: 15/15 MP: 4/9
  1353 | D:2      | Reached skill level 5 in Spellcasting
  1448 | D:2      | You fall into a shaft and drop 2 floors!
  1485 | D:4      | Found a glowing drain.
  1529 | D:4      | Reached XP level 3. HP: 19/20 MP: 4/11
  1534 | D:4      | Learned a level 3 spell: Mephitic Cloud
  1537 | D:4      | Learned a level 2 spell: Call Imp
  1540 | D:4      | Learned a level 2 spell: Blink
  1606 | Sewer    | Entered a sewer
  1799 | Sewer    | Reached skill level 1 in Armour
  1928 | Sewer    | Reached skill level 1 in Fighting
  2154 | Sewer    | Reached XP level 4. HP: 24/25 MP: 5/13
  2158 | Sewer    | Noticed a kobold brigand
  2186 | Sewer    | Slain by a kobold brigand

Illustrated notes

Levels and vault maps discovered:
D:1:      saegor_arrival_simple_e, layout_basic, serial_shops, shop
D:2:      layout_basic, basic_altar
D:4:      layout_gridville, minmay_temple_entry_from_below_a,
          portal_sewer_entry_a, uniq_blork_the_orc
Sewer:    sewer_co_tree

Skill      XL: |  1  2  3 |
---------------+----------+-----
Spellcasting   | 5 |  5.5
Conjurations   | 2 |  2.1
Armour         | 1 |  1.0
Fighting       | 1 |  1.0
Dodging        | |  2.5
Stealth        | |  2.6
Summonings     | |  1.1
Translocations | |  1.1

Action                     |  1- 3 |  4- 6 || total
---------------------------+-------+-------++-------
  Melee: Rapier            |     6 |    10 ||    16
   Cast: Magic Dart        |   114 |       ||   114
         Call Imp          |     1 |     2 ||     3
         Mephitic Cloud    |     1 |       ||     1
    Use: Potion            |       |     2 ||     2
 Armour: Robe              |     4 |       ||     4
  Dodge: Dodged            |    19 |     5 ||    24

Table legend: (Time is in decaauts)
 A = Elapsed time spent in this place.
 B = Non-inter-level travel time spent in this place.
 C = Inter-level travel time spent in this place.
 D = Time resting spent in this place.
 E = Time spent auto-exploring this place.
 F = Levels seen in this place.
 G = Mean time per level.
                   A        B        C        D        E       F      G
               +--------+--------+--------+--------+--------+-----+--------+
         Total |   2265 |   2259 |      6 |    139 |   1840 |   4 |  566.2 |
       Dungeon |   1605 |   1599 |      6 |     90 |   1357 |   3 |  535.0 |
         Sewer |    660 |    660 |      0 |     49 |    483 |   1 |  660.0 |
               +--------+--------+--------+--------+--------+-----+--------+

Top non-repeatable levels by time:
     D:1: 1233 daAuts
   Sewer: 660 daAuts
     D:2: 213 daAuts
     D:4: 158 daAuts
